 Dungeon Crawl Stone Soup version 0.29.1-15-g9cfb28693d (webtiles) character file.

Game seed: 518245444766157304

2149 Wiggles the Severer (level 9, -2/70 HPs)
             Began as a Minotaur Berserker on Mar 30, 2023.
             Was a Priest of Trog.
             Shot with an arrow by a centaur (5 damage)
             ... on level 7 of the Dungeon.
             The game lasted 00:09:14 (5262 turns).

Wiggles the Severer (Minotaur Berserker)            Turns: 5262, Time: 00:09:15

Health: -2/70      AC: 10    Str: 26    XL:     9   Next: 9%
Magic:  8/8        EV:  8    Int:  4    God:    Trog [***...]
Gold:   392        SH:  3    Dex: 10    Spells: 8/8 levels left

rFire   . . .      SeeInvis +   l - +1 war axe
rCold   . . .      Faith    .   w - +0 buckler
rNeg    . . .      Spirit   .   g - +0 chain mail
rPois   .          Reflect  .   (helmet restricted)
rElec   .          Harm     .   (no cloak)
rCorr   .          Rampage  .   (no gloves)
Will    .....                   o - +1 pair of boots
Stlth   ..........              (no amulet)
HPRegen 0.21/turn               i - ring of flight
MPRegen 0.11/turn               C - ring of see invisible

@: on berserk cooldown, flying, slowed, studying Axes, very slow
A: horns 2, retaliatory headbutt
a: Renounce Religion, Berserk, Trog's Hand


You were on level 7 of the Dungeon.
You worshipped Trog.
Trog was most pleased with you.
You visited 1 branch of the dungeon, and saw 7 of its levels.

You collected 392 gold pieces.

Inventory:

Hand Weapons
 l - a +1 war axe (weapon)
Armour
 g - a +0 chain mail (worn)
 o - a +1 pair of boots (worn)
 w - a +0 buckler (worn)
Jewellery
 i - a ring of flight (left hand)
 r - a ring of willpower
 C - a ring of see invisible (right hand)
Wands
 n - a wand of mindburst (14)
 s - a wand of polymorph (11)
 D - a wand of iceblast (7)
Scrolls
 c - a scroll of noise
 k - 3 scrolls of teleportation
 t - a scroll of immolation
 y - a scroll of fog
Potions
 a - 2 potions of haste
 d - a potion of might
 f - 3 potions of brilliance
 h - a potion of invisibility
 j - 3 potions of flight
 p - 2 potions of resistance
 u - 4 potions of heal wounds
 v - a potion of attraction
 x - 2 potions of curing
 z - 2 potions of magic
 A - 2 potions of lignification
 B - a potion of berserk rage


   Skills:
 - Level 3.6 Fighting
 + Level 15.2 Axes
 - Level 2.4 Armour
 - Level 2.1 Dodging
 + Level 0.9 Stealth
 + Level 1.4 Shields


You had 8 spell levels left.
You didn't know any spells.
Your spell library was empty.

Dungeon Overview and Level Annotations

Branches:
Dungeon (7/15)             Temple (0/1) D:4

Altars:
Dithmenos
Kikubaaqudgha
Zin

Shops:
D:2 (   D:7 *


Innate Abilities, Weirdness & Mutations

You have a pair of horns on your head.
You reflexively headbutt those who attack you in melee.


Message History

You furiously retaliate!
You headbutt the water moccasin!
Menkaure blazes with dark energy!
Menkaure gestures at you while chanting.
Pain shoots through your body!
You completely miss Menkaure.
Menkaure is moderately damaged.
You slash the water moccasin!
You kill the water moccasin!
Trog accepts your kill. Menkaure hits you but does no damage.
You completely miss Menkaure. You headbutt Menkaure!
Menkaure is severely damaged.
You barely miss the orc.
The orc hits you with a +2 hand axe of freezing.
* * * LOW HITPOINT WARNING * * *
The orc freezes you.
* * * LOW HITPOINT WARNING * * *
Menkaure sighs a few words.
Menkaure hits you!
* * * LOW HITPOINT WARNING * * *
You slash Menkaure!
You destroy Menkaure!
Trog accepts your kill.
Trog appreciates your killing of a magic user.
You slash the orc!
You kill the orc!
Trog accepts your kill.
Your Axes skill increases to level 15!
A centaur comes into view.
The centaur shouts!
The centaur wields a +0 shortbow.
The centaur shoots an arrow.
The arrow hits you.
* * * LOW HITPOINT WARNING * * *
The centaur shoots an arrow.
The arrow barely misses you.
Items here: )) [ †.
The centaur shoots an arrow.
The arrow hits you.
* * * LOW HITPOINT WARNING * * *
Items here: ))) [ ††.
The centaur shoots an arrow.
The arrow hits you.
You die...

...## ..... ..## .#....
#.### .... .#.... . ..#####
...####..... .. ......#
....#...... ... ...##.#
#........# .... #..##.#
#....# #.# ..... #...#.#
#####...####.#......
#.#...###.......@)).........
#.........##...)###.........
#).#..######.##.............
##.#..######........#..c....
##.#.........##..P..####....
.........###.##.....# ..##
.#........#..#..._.... ##
.....................!
.............


You could see a centaur.

Vanquished Creatures
  Joseph (D:7)
  A steam dragon (D:6)
  Menkaure (D:7)
  Edmund (D:4)
  Duvessa (D:4)
  2 water moccasins
  A black bear (D:4)
  A sky beast (D:6)
  An ogre (D:5)
  A phantom (D:6)
  A kobold brigand (D:5)
  2 scorpions
  2 bullfrogs
  Dowan (D:4)
  2 howler monkeys
  2 hounds (D:4)
  A jelly (D:7)
  An orc priest (D:5)
  A gnoll bouda (D:5)
  Jessica (D:3)
  Terence (D:3)
  2 iguanas
  An orc wizard (D:5)
  8 adders
  7 gnolls
  A shadow imp (D:6)
  A white imp (D:5)
  A worm (D:2)
  A dart slug (D:1)
  12 orcs
  8 ball pythons
  7 bats
  4 endoplasms
  5 giant cockroaches
  2 hobgoblins
  4 jackals (D:4)
  11 kobolds
  5 quokkas
  8 goblins
  6 rats
120 creatures vanquished.

Vanquished Creatures (others)
  4 plants (D:4)
4 creatures vanquished.

Grand Total: 124 creatures vanquished

Notes
Turn   | Place    | Note
-------+----------+-------------------------------------------
     0 | D:1      | Wiggles the Minotaur Berserker began the quest for the Orb.
     0 | D:1      | Reached XP level 1. HP: 19/19 MP: 0/0
    68 | D:1      | Reached skill level 4 in Axes
   277 | D:1      | Reached XP level 2. HP: 25/26 MP: 1/1
   712 | D:1      | Reached skill level 5 in Axes
   727 | D:1      | Found a faded altar of an unknown god.
   776 | D:1      | Reached XP level 3. HP: 31/31 MP: 2/2
  1242 | D:2      | Found Qeptago's Weapon Boutique.
  1313 | D:2      | Reached ** piety under Trog
  1745 | D:3      | Noticed Jessica
  1753 | D:3      | Killed Jessica
  1754 | D:3      | Reached skill level 6 in Axes
  1754 | D:3      | Reached XP level 4. HP: 39/39 MP: 3/3
  2000 | D:3      | Noticed Terence
  2007 | D:3      | Killed Terence
  2008 | D:3      | Reached XP level 5. HP: 45/45 MP: 4/4
  2214 | D:3      | Found a glowing silver altar of Zin.
  2214 | D:3      | Noticed an angel
  2293 | D:4      | Reached skill level 7 in Axes
  2310 | D:4      | Noticed a black bear
  2317 | D:4      | Killed a black bear
  2318 | D:4      | Reached skill level 8 in Axes
  2322 | D:4      | Reached XP level 6. HP: 51/51 MP: 5/5
  2564 | D:4      | Noticed Duvessa
  2577 | D:4      | Noticed Dowan
  2587 | D:4      | Killed Duvessa
  2588 | D:4      | Reached skill level 9 in Axes
  2591 | D:4      | Killed Dowan
  2592 | D:4      | Reached XP level 7. HP: 40/57 MP: 6/6
  2757 | D:4      | Found a staircase to the Ecumenical Temple.
  2783 | D:4      | Noticed Edmund
  2803 | D:4      | Killed Edmund
  2804 | D:4      | Reached skill level 10 in Axes
  3214 | D:4      | Reached *** piety under Trog
  3267 | D:5      | Entered Level 5 of the Dungeon
  3304 | D:5      | Reached skill level 11 in Axes
  3563 | D:5      | Reached XP level 8. HP: 48/64 MP: 7/7
  4219 | D:6      | Reached skill level 12 in Axes
  4449 | D:6      | Found an ancient bone altar of Kikubaaqudgha.
  4486 | D:6      | Reached skill level 13 in Axes
  5089 | D:6      | Identified a scroll of acquirement
  5089 | D:6      | Acquired a manual of Axes
  5114 | D:7      | Reached skill level 1 in Shields
  5165 | D:7      | Found Ten Zau's General Store.
  5232 | D:7      | Found a shadowy altar of Dithmenos.
  5232 | D:7      | Noticed Joseph
  5235 | D:7      | Noticed Menkaure
  5246 | D:7      | Killed Joseph
  5247 | D:7      | Reached skill level 14 in Axes
  5247 | D:7      | Reached XP level 9. HP: 45/70 MP: 8/8
  5256 | D:7      | Killed Menkaure
  5257 | D:7      | Reached skill level 15 in Axes
  5261 | D:7      | HP: 3/70 [centaur/arrow (5)]
  5262 | D:7      | Shot with an arrow by a centaur

Illustrated notes

Levels and vault maps discovered:
D:1:      scummos_arrival_hexagon, layout_loops_ring,
          dreamdust_ecumenical_altar_hidden_monk_grotto, st_stairs_1,
          minmay_misc_feat_nine_boxes, nrook_campfire
D:2:      layout_rooms, serial_shops, nicolae_shop_bloodbath_and_beyond,
          minivault_26
D:3:      layout_rooms, zin_angel, uniq_terence, uniq_jessica
D:4:      layout_cave_pools, minmay_temple_entry_gardened_gates,
          kennysheep_generic_room_8, uniq_duvessa, uniq_edmund
D:5:      layout_rooms, abandoned_shop
D:6:      layout_basic, mainiacjoe_overflow_24_doors, gup_sewer_entry_glass,
          chequers_serial_rivers_large_a
D:7:      layout_rooms, mainiacjoe_overflow_tiny_flanked, serial_shops, shop,
          uniq_menkaure, uniq_joseph

Skill      XL: |  1  2  3  4  5  6  7  8  9 |
---------------+----------------------------+-----
Axes           | 4 5 6 8 9 11 14 15 | 15.2
Shields        | 1 |  1.4
Fighting       | |  3.6
Armour         | |  2.4
Dodging        | |  2.1
Stealth        | |  0.9

Action                   |  1- 3 |  4- 6 |  7- 9 || total
-------------------------+-------+-------+-------++-------
Melee: Hand axe          |    69 |       |       ||    69
       Headbutt          |     8 |     9 |    14 ||    31
       Punch             |     2 |       |       ||     2
       War axe           |    30 |    67 |   134 ||   231
Invok: Berserk           |     1 |     3 |     3 ||     7
  Use: Scroll            |       |       |    21 ||    21
Armor: Animal skin       |    11 |       |       ||    11
       Chain mail        |    45 |    32 |    45 ||   122
Dodge: Dodged            |    64 |    26 |    34 ||   124
Block: Buckler           |       |       |    15 ||    15
